 Dungeon Crawl Stone Soup version 0.25.1-8-g42b30a86e7 (webtiles) character file.

Game seed: 15985893498223355303

106 Chiseanne the Skirmisher (level 4, -1/38 HPs)
             Began as a Demonspawn Wanderer on Nov 30, 2020.
             Slain by an adder (5 damage)
             ... on level 2 of the Dungeon.
             The game lasted 00:06:45 (2285 turns).

Chiseanne the Skirmisher (Demonspawn Wanderer)      Turns: 2285, Time: 00:06:46

Health: -1/38      AC:  4    Str: 14    XL:     4   Next: 55%
Magic:  4/4        EV: 13    Int: 11    God:
Gold:   7          SH:  0    Dex: 14    Spells: 3/3 levels left

rFire    . . .     SeeInvis .   a - +2 dagger
rCold    . . .     Gourm    .   (no shield)
rNeg     . . .     Faith    .   e - +0 robe
rPois    .         Spirit   .   (no helmet)
rElec    .         Reflect  .   j - scarf {repulsion}
rCorr    .         Harm     .   (no gloves)
MR       .....                  (no boots)
Stlth    ++........             (no amulet)
HPRegen  0.12/turn              (no ring)
MPRegen  0.09/turn              (no ring)

@: mighty, lethally poisoned (-1 -> -4), repel missiles
A: claws 1, thin metallic scales 1, powered by pain 1
a: no special abilities


You were on level 2 of the Dungeon.
You were not hungry.

You visited 1 branch of the dungeon, and saw 3 of its levels.

You collected 7 gold pieces.

Inventory:

Hand Weapons
 a - a +2 dagger (weapon)
 d - a +0 spear
 r - a +0 hunting sling
Missiles
 g - 21 arrows
 m - 11 sling bullets
 o - 7 poisoned darts (quivered)
 p - 8 boomerangs of dispersal
 s - 8 stones
Armour
 e - a +0 robe (worn)
 j - a scarf of repulsion (worn)
Scrolls
 c - a scroll of teleportation
Potions
 l - a potion of flight
 n - a potion of stabbing {unknown}
 q - a potion of berserk rage {unknown}
Comestibles
 b - a chunk of flesh
 f - 3 rations


   Skills:
 * Level 4.7 Fighting
 - Level 1.0 Throwing
 * Level 2.8 Dodging
 * Level 3.1 Stealth
   Level 1.0 Evocations


You had 3 spell levels left.
You didn't know any spells.
Your spell library was empty.

Dungeon Overview and Level Annotations

Branches:
Dungeon (3/15)

Altars:

Annotations:
D:2 1 runed translucent door, Crazy Yiuf


Innate Abilities, Weirdness & Mutations

You have sharp fingernails.
You are partially covered in thin metallic scales. (AC +2)
You sometimes gain a little power by taking damage.


Message History

You barely miss the adder.
The adder is moderately wounded.
The adder bites you. The kobold misses you.
It was a potion of might.
You feel very mighty all of a sudden. The adder barely misses you.
The kobold hits you.
* * * LOW HITPOINT WARNING * * *
You hit the adder.
The adder is severely wounded.
You feel sick. The adder bites you.
* * * LOW HITPOINT WARNING * * *
The adder bites you but does no damage. The kobold hits you but does no damage.
You barely miss the adder.
The adder is severely wounded.
The adder closely misses you. The kobold hits you.
* * * LOW HITPOINT WARNING * * *
You closely miss the adder.
The adder is severely wounded.
The adder bites you.
You die... # #.#####..# #(S@K....# #######.##

You could see an adder and a kobold.

Vanquished Creatures
  An orc wizard (D:3)
  3 adders
  An ooze (D:2)
  A worm (D:2)
  A dart slug (D:1)
  A leopard gecko (D:2)
  An orc (D:3)
  3 bats
  2 giant cockroaches (D:2)
  6 goblins
  5 hobgoblins
  5 kobolds
  A quokka (D:2)
  2 frilled lizards (D:2)
  3 rats
36 creatures vanquished.

Notes
Turn   | Place    | Note
-------+----------+-------------------------------------------
     0 | D:1      | Chiseanne the Demonspawn Wanderer began the quest for the
                  | Orb.
     0 | D:1      | Chiseanne set off with the following items: a +2 dagger, a
                  | scroll of fear, a scroll of teleportation, a +0 spear, a +0
                  | robe, a ration
     0 | D:1      | Reached XP level 1. HP: 19/19 MP: 1/1
   287 | D:1      | Gained mutation: You have sharp fingernails. [demonic
                  | ancestry]
   287 | D:1      | Reached XP level 2. HP: 25/25 MP: 2/2
   752 | D:2      | Gained mutation: You sometimes gain a little power by
                  | taking damage. [demonic ancestry]
   752 | D:2      | Reached XP level 3. HP: 14/31 MP: 3/3
  1600 | D:2      | Found a runed translucent door.
  1601 | D:2      | Noticed Crazy Yiuf
  2178 | D:3      | Gained mutation: You are partially covered in thin metallic
                  | scales. (AC +2) [demonic ancestry]
  2178 | D:3      | Reached XP level 4. HP: 38/38 MP: 4/4
  2285 | D:2      | Slain by an adder

Illustrated notes

Levels and vault maps discovered:
D:1:      heliophobic_arrival_dark_side_of_the_moon, layout_basic
D:2:      layout_basic, first_ration, minmay_distorted, uniq_crazy_yiuf_cottage,
          uniq_sigmund
D:3:      layout_rooms

Skill      XL: |  1  2  3  4 |
---------------+-------------+-----
Dodging        | 2 |  2.8
Stealth        | 2 3 |  3.1
Fighting       | |  4.7
Throwing       | |  1.0
Evocations     | |  1.0

Action                   |  1- 3 |  4- 6 || total
-------------------------+-------+-------++-------
Melee: Dagger            |   147 |    29 ||   176
 Fire: Hunting sling     |       |     3 ||     3
Throw: Dart              |       |     3 ||     3
  Use: Scroll            |     3 |       ||     3
       Potion            |       |     3 ||     3
 Stab: Sleeping          |     5 |       ||     5
  Eat: Chunk             |     4 |       ||     4
Armor: Robe              |    29 |     9 ||    38
Dodge: Dodged            |   110 |    32 ||   142
       Repelled          |       |     3 ||     3
